 Dungeon Crawl Stone Soup version 0.22.1-1-ga44c0e56f4 (webtiles) character file.

1125 Jannitor the Ogre Mage (level 8, -8/83 HPs)
             Began as an Ogre Summoner on Sept 30, 2018.
             Mangled by an ice beast (12 damage)
             ... on level 6 of the Dungeon.
             The game lasted 00:13:54 (6841 turns).

Jannitor the Ogre Mage (Ogre Summoner)              Turns: 6841, Time: 00:13:56

Health: -8/83      AC:  5    Str: 18    XL:     8   Next: 35%
Magic:  13/16      EV: 12    Int: 20    God:
Gold:   201        SH:  0    Dex: 13    Spells: 12/18 levels left

rFire    . . .     SeeInvis .   J - +11 mace "Pocraang" {drain, +Blink}
rCold    . . .     Gourm    .   (no shield)
rNeg     . . .     Faith    .   H - +0 robe of Vuapurghia {Dex+2} (curse)
rPois    .         Spirit   .   F - +1 hat
rElec    .         Reflect  .   y - +0 cloak (curse)
rCorr    .         Harm     .   (gloves unavailable)
MR       .....                  (boots unavailable)
Stlth    ++........             E - amulet of magic regeneration
HPRegen  0.23/turn              q - +4 ring of intelligence
MPRegen  0.40/turn              (no ring)

@: mighty, very slightly contaminated
A: large, unfitting armour, tough skin 1
a: Evoke Blink


You were on level 6 of the Dungeon.
You were not hungry.

You visited 1 branch of the dungeon, and saw 6 of its levels.

You collected 201 gold pieces.

Inventory:

Hand Weapons
 a - a +2 dagger of protection
 b - a +0 hunting sling
 r - a +0 short sword
 t - a +0 mace of venom
 J - the +11 mace "Pocraang" (weapon) {drain, +Blink}
   (You found it on level 5 of the Dungeon)

   A truly terrible weapon, it drains the life of those it strikes.
   It lets you blink.
 K - a +3 quarterstaff of chaos
Missiles
 f - 42 stones (quivered)
 j - 19 sling bullets
Armour
 g - a +0 robe
 y - a cursed +0 cloak (worn)
 F - a +1 hat (worn)
 H - the cursed +0 robe of Vuapurghia (worn) {Dex+2}
   (You found it on level 5 of the Dungeon)

   It affects your dexterity (+2).
   It has a curse placed upon it.
Jewellery
 m - an uncursed amulet of regeneration
 q - a +4 ring of intelligence (left hand)
 z - an uncursed ring of fire
 E - an amulet of magic regeneration (around neck)
Wands
 x - a wand of polymorph (10)
 C - a wand of clouds (4)
Scrolls
 d - 2 scrolls of fog {unknown}
 e - a scroll of enchant armour {unknown}
 h - 11 scrolls of identify {unknown}
 i - 3 scrolls of remove curse {unknown}
 k - a scroll of magic mapping {unknown}
 n - a scroll of fear {unknown}
 p - 3 scrolls of amnesia {unknown}
 A - 3 scrolls of teleportation {unknown}
 D - a scroll of random uselessness {unknown}
Potions
 l - a potion of degeneration {unknown}
 o - 2 potions of might
 s - a potion of brilliance {unknown}
 u - a potion of haste {unknown}
 v - 2 potions of lignification
 w - a potion of heal wounds {unknown}
 B - a potion of agility
 G - a potion of flight {unknown}
 I - a potion of ambrosia {unknown}
Comestibles
 c - 9 rations
 L - 2 chunks of flesh


   Skills:
 + Level 5.7 Fighting
 + Level 4.4 Dodging
 - Level 1.4 Stealth
 + Level 5.9 Spellcasting
 + Level 5.8 Summonings


You had 12 spell levels left.
You knew the following spells:

 Your Spells              Type           Power        Failure   Level  Hunger
a - Summon Small Mammal   Summ           ####         1%          1    None
b - Call Imp              Summ           ####....     1%          2    None
c - Call Canine Familiar  Summ           ####....     2%          3    ##.....

Your spell library contained the following spells:

 Spells                   Type           Power        Failure   Level  Hunger
 Summon Guardian Golem    Hex/Summ       ###.....     10%         3    ##.....
 Beastly Appendage        Tmut           #.....       11%         1    None
 Sticks to Snakes         Tmut           #.......     16%         2    None
 Spider Form              Tmut/Pois      #.........   32%         3    ##.....
 Summon Ice Beast         Ice/Summ       ###.....     32%         4    ####...
 Summon Lightning Spire   Summ/Air       ###.....     32%         4    ####...
 Ice Form                 Ice/Tmut       #.......     71%         4    ####...
 Blade Hands              Tmut           #.........   96%         5    #####..


Dungeon Overview and Level Annotations

Branches:
Dungeon (6/15)
 Temple: D:4-7

Altars:
Qazlal

Annotations:
D:3 Sigmund


Innate Abilities, Weirdness & Mutations

You are too large for most types of armour.
You have tough skin. (AC +1)


Message History

* * * LOW HITPOINT WARNING * * *
Your hound closely misses the orc.
You barely miss the orc priest.
Your hound closely misses the orc.
The orc priest hits you with a club.
* * * LOW HITPOINT WARNING * * *
The ice beast hits you.
* * * LOW HITPOINT WARNING * * *
The ice beast freezes you!
* * * LOW HITPOINT WARNING * * *
The orc barely misses you.
Your hound bites the orc.
The orc priest hits you but does no damage.
Your hound bites the orc.
The orc dies!
It was a potion of might.
You feel very mighty all of a sudden.
Your hound bites the orc priest but does no damage.
The ice beast hits you.
* * * LOW HITPOINT WARNING * * *
The ice beast freezes you!
You die...

....#..##........#
#####..####.######
#..####.#
#.......#
##.###### #.# #.#
#.# #@# #Y# #.o.#
..h)../ .........#
...####.#### ..
#.# . #.# #+#


You could see an ice beast, an orc priest and a friendly hound.

Vanquished Creatures
  Menkaure (D:4)
  2 phantoms
  2 ice beasts (D:6)
  An ogre (D:6)
  2 howler monkeys
  An orc priest (D:4)
  Crazy Yiuf (D:5)
  3 orc wizards
  A worker ant zombie (D:2)
  2 adders
  2 worms
  2 dart slugs
  13 orcs
  A ball python (D:3)
  3 bats
  3 giant cockroaches
  11 goblins
  A hobgoblin (D:1)
  8 kobolds
  2 quokkas
  4 frilled lizards
  7 rats
73 creatures vanquished.

Vanquished Creatures (collateral kills)
  2 ogres
  A bullfrog zombie (D:5)
  A hound (D:5)
  5 orc priests
  An iguana (D:4)
  3 worker ants
  Robin (D:2)
  5 adders
  A worm (D:3)
  A dart slug (D:1)
  2 leopard geckos
  8 orcs
  2 bats (D:3)
  A giant cockroach (D:4)
  4 goblins
  4 hobgoblins
42 creatures vanquished.

Grand Total: 115 creatures vanquished

Notes
Turn   | Place    | Note
-------+----------+-------------------------------------------
     0 | D:1      | Jannitor the Ogre Summoner began the quest for the Orb.
     0 | D:1      | Reached XP level 1. HP: 16/16 MP: 3/3
   643 | D:1      | Reached XP level 2. HP: 18/24 MP: 1/5
  1650 | D:2      | Reached XP level 3. HP: 31/31 MP: 7/7
  1952 | D:2      | Learned a level 2 spell: Call Imp
  1956 | D:2      | Learned a level 3 spell: Call Canine Familiar
  2463 | D:2      | Reached skill level 1 in Fighting
  2672 | D:3      | Reached XP level 4. HP: 8/41 MP: 0/9
  3371 | D:2      | Noticed Robin
  3381 | D:2      | Killed Robin
  3870 | D:3      | Reached XP level 5. HP: 16/49 MP: 0/10
  4007 | D:3      | Noticed Sigmund
  4570 | D:4      | Found a stormy altar of Qazlal.
  4703 | D:4      | Noticed a phantom
  4705 | D:4      | Reached XP level 6. HP: 59/59 MP: 7/12
  4741 | D:4      | Killed a phantom
  5368 | D:4      | Noticed Menkaure
  5378 | D:4      | Killed Menkaure
  5378 | D:4      | Reached skill level 5 in Summonings
  5378 | D:4      | Reached XP level 7. HP: 58/70 MP: 9/14
  5551 | D:5      | Entered Level 5 of the Dungeon
  5691 | D:5      | Reached skill level 5 in Spellcasting
  6376 | D:5      | Got an ancient robe
  6387 | D:5      | Identified the cursed +0 robe of Vuapurghia {Dex+2} (You
                  | found it on level 5 of the Dungeon)
  6484 | D:5      | Found a runed door.
  6485 | D:5      | Got a brightly glowing mace
  6486 | D:5      | Identified the +11 mace "Pocraang" {drain, +Blink} (You
                  | found it on level 5 of the Dungeon)
  6490 | D:5      | Noticed Crazy Yiuf
  6503 | D:5      | Killed Crazy Yiuf
  6503 | D:5      | Reached skill level 5 in Fighting
  6633 | D:6      | Reached XP level 8. HP: 74/80 MP: 16/16
  6841 | D:6      | HP: 4/83 [ice beast (1)]
  6841 | D:6      | Mangled by an ice beast

Skill      XL: |  1  2  3  4  5  6  7 |
---------------+----------------------+-----
Spellcasting   | 3 4 5 |  5.9
Summonings     | 4 5 |  5.8
Dodging        | 2 3 4 |  4.4
Fighting       | 1 2 4 5 |  5.7
Stealth        | |  1.4

Action                   |  1- 3 |  4- 6 |  7- 9 || total
-------------------------+-------+-------+-------++-------
Melee: Short sword       |   114 |    51 |       ||   165
       Unarmed           |    15 |       |       ||    15
       Mace              |       |    19 |    25 ||    44
       Dagger            |       |    98 |    73 ||   171
 Fire: Hunting sling     |    10 |    22 |       ||    32
 Cast: Summon Small Mamm |    20 |     9 |     1 ||    30
       Call Imp          |     1 |    14 |    13 ||    28
       Call Canine Famil |       |     7 |     8 ||    15
  Use: Potion            |     1 |       |     1 ||     2
 Stab: Sleeping          |     1 |     1 |     3 ||     5
       Distracted        |       |     1 |     1 ||     2
  Eat: Chunk             |     6 |     9 |     5 ||    20
Armor: Robe              |    39 |    42 |    44 ||   125
       Skin              |     3 |       |       ||     3
Dodge: Dodged            |    87 |    69 |    61 ||   217
